 Dungeon Sprint DCSS version 0.26.1-2-gb8aa6d0cf2 (webtiles) character file.

Game seed: 4659518447016811024

134 kylecrane the Blocker (level 5, -3/46 HPs)
             Began as a Formicid Fighter on Feb 23, 2021.
             Was a Follower of Qazlal.
             Slain by a white very ugly thing (35 damage)
             ... in the Dungeon (Sprint V: "Ziggurat Sprint").
             The game lasted 00:02:23 (176 turns).

kylecrane the Blocker (Formicid Fighter)             Turns: 176, Time: 00:02:24

Health: -3/46      AC: 27    Str: 22    XL:     5   Next: 40%
Magic:  7/7        EV:  2    Int:  7    God:    Qazlal [*.....]
Gold:   0          SH: 31    Dex: 10    Spells: 4/4 levels left

rFire    . . .     SeeInvis +   D - +6 shillelagh "Devastator" {shatter}
rCold    . . .     Faith    .   G - +18 shield of the Gong {rElec rN+ Will+ EV-5}
rNeg     + . .     Spirit   .   F - +15 Maxwell's patent armour {-Cast -Tele rElec Will+ rCorr}
rPois    .         Reflect  .   (helmet unavailable)
rElec    +         Harm     .   (no cloak)
rCorr    +         Rampage  .   (no gloves)
Will     ++...     NoCast   +   (no boots)
Stlth    ..........             (no amulet)
HPRegen  0.15/turn              (no ring)
MPRegen  0.10/turn              (no ring)

@: no status effects
A: permanent stasis, dig shafts and tunnels, four strong arms, antennae 3
a: Dig, Renounce Religion


You were in the Dungeon.
You worshipped Qazlal.
Qazlal was aware of your devotion.
You visited 1 branch

Inventory:

Hand Weapons
 a - a +0 trident
 B - the +7 great mace "Firestarter" {inner flame, rF++}
   (You found it in the Dungeon)

   It has been specially enchanted to burn those struck by it, causing extra
   injury to most foes and up to half again as much damage against particularly
   susceptible opponents.
   It greatly protects you from fire.
 C - the +8 lance "Wyrmbane" {slay drac, rPois rF+ rC+ AC+3}
   (You found it in the Dungeon)

   It affects your AC (+3).
   It protects you from fire.
   It protects you from cold.
   It protects you from poison.
 D - the +6 shillelagh "Devastator" (weapon) {shatter}
   (You found it in the Dungeon)
 E - the +9 heavy crossbow "Sniper" {vorpal, Acc+∞ SInv}
   (You found it in the Dungeon)

   Any bolt fired from it inflicts extra damage.
   It lets you see invisible.
Armour
 b - a +0 scale mail
 c - a +0 kite shield
 F - the +15 Maxwell's patent armour (worn) {-Cast -Tele rElec Will+ rCorr}
   (You found it in the Dungeon)

   It insulates you from electricity.
   It affects your willpower, your defense against some magical effects.
   It prevents spellcasting.
   It prevents most forms of teleportation.
   It provides partial protection from all sources of acid and corrosion.
 G - the +18 shield of the Gong (worn) {rElec rN+ Will+ EV-5}
   (You found it in the Dungeon)

   It affects your evasion (-5).
   It insulates you from electricity.
   It protects you from negative energy.
   It affects your willpower, your defense against some magical effects.
 H - a +3 tower shield
Jewellery
 r - an uncursed ring of flight
 s - a +6 ring of dexterity
 t - a +6 ring of dexterity
 u - a +6 ring of intelligence
 v - a +6 ring of intelligence
 w - a +6 ring of strength
 x - a +6 ring of strength
Wands
 y - a wand of disintegration (7)
 z - a wand of iceblast (7)
 A - a wand of acid (7)
Scrolls
 l - 4 scrolls of amnesia
 m - 7 scrolls of fog
 n - a scroll of holy word
 o - 5 scrolls of identify
 p - 5 scrolls of remove curse
 q - 2 scrolls of fear
Potions
 d - 6 potions of might
 e - 10 potions of curing
 f - 10 potions of heal wounds
 g - 7 potions of magic
 h - 2 potions of brilliance
 i - 2 potions of invisibility
 j - 4 potions of resistance


   Skills:
 * Level 6.1 Fighting
 + Level 3.7 Polearms
 + Level 4.8 Armour
 + Level 2.9 Dodging
 - Level 9.6 Shields
 + Level 3.8 Invocations


You had 4 spell levels left.
You didn't know any spells.
Your spell library was empty.

Dungeon Overview and Level Annotations

Branches:
Dungeon (1/1)

Altars:
Ashenzari
Cheibriados
Dithmenos
Elyvilon
Fedhas
Gozag
Hepliaklqana
Kikubaaqudgha
Makhleb
Nemelex Xobeh
Okawaru
Qazlal
Ru
Sif Muna
Trog
Uskayaw
Vehumet
Wu Jian
Xom
Yredelemnul
Zin
The Shining One
Beogh
Jiyva
Lugonu

Annotations:
D 1 transporter


Innate Abilities, Weirdness & Mutations

You cannot be hasted, slowed, berserked, paralysed or teleported.
You can dig through walls and to a lower floor.
Your four strong arms can wield two-handed weapons with a shield.
You have a pair of large antennae on your head. (SInv)


Message History

You block the white very ugly thing's attack.
GONNNNG!
Unknown command.
You sock the white very ugly thing!
The white very ugly thing and the crimson imp shudder.
The white very ugly thing is moderately wounded.
The crimson imp is moderately wounded.
The white very ugly thing is moderately wounded.
You block the crimson imp's attack.
GONNNNG!
The white very ugly thing pecks you but does no damage.
You hit the white very ugly thing.
The white very ugly thing and the crimson imp shudder.
The white very ugly thing is moderately wounded.
The crimson imp is moderately wounded.
The white very ugly thing is moderately wounded.
The white very ugly thing is engulfed in blazing flames.
The white very ugly thing pecks you! The white very ugly thing freezes you!!
Ouch! That really hurt!
You die...

▓▓▓▓▓▓▓▓▓▓▓▓▓
▓.8©8.▓.8©8.▓
{{
▓.:)..▓.....▓
{
▓.....▓.).|.▓
▓.5u..▓.††..▓
▓..@°.▓.....▓
▓.....▓..©..▓
▓..©..▓▓▓▓▓▓▓
▓▓▓▓▓▓▓ {{
{{{ { { {


You could see a white very ugly thing and a crimson imp.

Vanquished Creatures
  2 scorpions (D)
  A quasit (D)
3 creatures vanquished.

Notes
Turn   | Place    | Note
-------+----------+-------------------------------------------
     0 | D        | kylecrane the Formicid Fighter began the quest for the Orb.
     0 | D        | Reached XP level 1. HP: 18/18 MP: 1/1
     0 | D        | Found a shimmering blue altar of Sif Muna.
     0 | D        | Found a bloodstained altar of Trog.
     0 | D        | Found a sacrificial altar of Ru.
     0 | D        | Found a stormy altar of Qazlal.
     0 | D        | Found an iron altar of Okawaru.
     1 | D        | Found a sparkling altar of Nemelex Xobeh.
     1 | D        | Found a blossoming altar of Fedhas.
     2 | D        | Found the +6 Majin-Bo {vamp, MP+6 Int+6}
     2 | D        | Found the +9 heavy crossbow "Sniper" {vorpal, Acc+∞ SInv}
     2 | D        | Found the +10 dark maul {vorpal}
     2 | D        | Found the +15 Maxwell's patent armour {-Cast -Tele rElec
                  | Will+ rCorr}
     2 | D        | Found the +18 shield of the Gong {rElec rN+ Will+ EV-5}
     2 | D        | Found the cursed +14 obsidian axe {vorpal, +Fly SInv
                  | *Curse}
     2 | D        | Found the +7 great mace "Firestarter" {inner flame, rF++}
     2 | D        | Found the +6 shillelagh "Devastator" {shatter}
     2 | D        | Found the +11 plutonium sword {*Contam Stlth-}
     2 | D        | Found the +8 lance "Wyrmbane" {slay drac, rPois rF+ rC+
                  | AC+3}
     2 | D        | Found the +9 sword of Zonguldrok {reap}
     2 | D        | Found the cursed +13 scythe of Curses {drain, *Curse}
     2 | D        | Found the +5 sword of Power {vorpal}
     2 | D        | Found the +7 mace of Variability {chain chaos}
     2 | D        | Found the +7 Singing Sword {vorpal, sonic wave}
     2 | D        | Found the +8 storm bow {elec, penet}
     3 | D        | Found a transporter.
     3 | D        | Found an ancient bone altar of Kikubaaqudgha.
     3 | D        | Found a viscous altar of Jiyva.
     3 | D        | Found a corrupted altar of Lugonu.
     3 | D        | Found a hazy altar of Hepliaklqana.
     3 | D        | Found a burning altar of Makhleb.
     3 | D        | Found an opulent altar of Gozag.
    27 | D        | Became a worshipper of Qazlal Stormbringer
    54 | D        | Reached skill level 9 in Shields
    54 | D        | Reached XP level 2. HP: 24/24 MP: 2/2
    89 | D        | Entered arena 2.
    89 | D        | Noticed a scorpion
    89 | D        | Noticed a scorpion
    89 | D        | Found a transporter.
    93 | D        | Killed a scorpion
    93 | D        | Killed a scorpion
    94 | D        | Reached skill level 5 in Fighting
    94 | D        | Reached XP level 3. HP: 25/33 MP: 2/5
    94 | D        | Reached XP level 4. HP: 30/39 MP: 2/6
    94 | D        | Reached XP level 5. HP: 33/44 MP: 2/7
   168 | D        | Entered arena 3.
   168 | D        | Noticed a white very ugly thing
   168 | D        | Found a transporter.
   173 | D        | Reached * piety under Qazlal
   176 | D        | Slain by a white very ugly thing

Illustrated notes

Levels and vault maps discovered:
D:        sprint_v [room_start, room_1, room_2, room_3, room_4, room_5, room_6,
          room_7, room_8, room_9, room_10, room_11, room_12, room_13, room_14,
          room_15, room_16, room_17, room_18, room_19, room_20, room_21,
          room_22, room_23, room_24, room_25, room_26, room_27]

Skill      XL: |  1  2  3  4  5 |
---------------+----------------+-----
Shields        | 9 |  9.6
Fighting       | 5 6 |  6.1
Polearms       | 3 |  3.7
Armour         | 4 |  4.8
Dodging        | 2 |  2.9
Invocations    | 3 |  3.8

Action                   |  1- 3 |  4- 6 || total
-------------------------+-------+-------++-------
Melee: Shillelagh        |     3 |     6 ||     9
  Use: Potion            |     1 |       ||     1
Armor: Plate armour      |     2 |     6 ||     8
Dodge: Dodged            |       |     1 ||     1
Block: Kite shield       |     5 |    13 ||    18
